 Seeded DCSS version 0.30.1-9-gdf580d7c3d (webtiles) character file.

Game seed: 7229806256980976716 (custom seed)

459 Psyclone the Conjurer (level 6, 0/32 HPs)
             Began as a Deep Elf Conjurer on Sept 28, 2023.
             Was an Initiate of Ashenzari.
             Slain by a hornet zombie (8 damage)
             ... in an ossuary.
             The game lasted 00:15:42 (3456 turns).

Psyclone the Conjurer (Deep Elf Conjurer)           Turns: 3456, Time: 00:15:43

Health: 0/32       AC:  3    Str:  4    XL:     6   Next: 78%
Magic:  6/24       EV: 12    Int: 33    God:    Ashenzari [......]
Gold:   1283       SH:  0    Dex: 13    Spells: 3/14 levels left

rFire   . . .        (no weapon)
rCold   . . .        (no shield)
rNeg    . . .        a - +0 robe
rPois   .            (no helmet)
rElec   .            (no cloak)
rCorr   .            p - +0 pair of gloves
SInv    .            (no boots)
Will    +....        (no amulet)
Stlth   ++           d - ring "Ydonoush" {Drain Will+ MP+9 Int+8}
HPRegen 0.25/turn    (no ring)
MPRegen 0.19/turn

%: no passive effects
@: no status effects
A: no striking features
a: Renounce Religion


You were in an ossuary.
You worshipped Ashenzari.
Ashenzari was noncommittal.
You visited 2 branches of the dungeon, and saw 5 of its levels.
You also visited: Ossuary.

You collected 1283 gold pieces.

Inventory:

Missiles
 j - a throwing net {!f}
Armour
 a - a +0 robe (worn)
 p - a +0 pair of gloves (worn)
Jewellery
 d - the ring "Ydonoush" (left hand) {Drain Will+ MP+9 Int+8}
   (You acquired it on level 1 of the Dungeon)

   [ring of magical power]

   Int:       It affects your intelligence (+8).
   MP:        It affects your magic capacity (+9).
   Drain:     It drains your maximum health when unequipped.
   Will:      It increases your willpower.
Scrolls
 c - 3 scrolls of amnesia
 e - a scroll of teleportation {unknown}
 g - a scroll of enchant armour {unknown}
 i - 2 scrolls of blinking {unknown}
 k - a scroll of poison {unknown}
 q - a scroll of identify {@r1}
 s - 2 scrolls of vulnerability {unknown}
 t - a scroll of fog {unknown}
 v - a scroll of butterflies {unknown}
 y - 2 scrolls of silence {unknown}
Potions
 b - a potion of magic
 f - 2 potions of might
 h - 2 potions of mutation
 l - 4 potions of curing {unknown}
 m - 2 potions of brilliance {unknown}
 n - a potion of invisibility
 o - 2 potions of flight {unknown}
 r - a potion of cancellation {unknown}
 u - a potion of attraction {unknown}
 w - a potion of berserk rage {unknown}
 x - a potion of ambrosia {unknown}


   Skills:
 - Level 2.4 Dodging
 - Level 2.4 Stealth
 - Level 4.9 Spellcasting
 - Level 5.5 Conjurations
 + Level 1.9 Transmutations
 + Level 1.8 Fire Magic
 + Level 1.6 Air Magic
 - Level 4.6 Poison Magic


You had 3 spell levels left.
You knew the following spells:

 Your Spells              Type           Power      Damage    Failure   Level
a - Magic Dart            Conj           100%       1d8       1%          1
b - Searing Ray           Conj           88%        2d7       1%          2
d - Mephitic Cloud        Conj/Pois/Air  34%        N/A       2%          3
s - Ignite Poison         Fire/Tmut/Pois 26%        N/A       4%          3
v - Poisonous Vapours     Pois/Air       56%        N/A       1%          2

Your spell library contained the following spells:

 Spells                   Type           Power      Damage    Failure   Level
 Cigotuvi's Dreadful Rot  Necr/Pois/Air  42%        N/A       3%          2
 Dazzling Flash           Conj/Hex       52%        N/A       4%          3
 Sticky Flame             Conj/Fire      32%        2d5       11%         4
 Fulminant Prism          Conj/Hex       13%        3d9       16%         4
 Iskenderun's Mystic Bla  Conj/Tloc      26%        2d7       16%         4
 Dispel Undead            Necr           8%         3d8       43%         4
 Freezing Cloud           Conj/Ice/Air   11%        6-21      45%         5
 Death Channel            Necr           4%         N/A       100%        6


Dungeon Overview and Level Annotations

Branches:
Dungeon (4/15) Zot: 20971  Temple (1/1) D:4 Zot: 5859 Ossuary (1/1) Zot: 5713

Altars:
Ashenzari
Cheibriados
Dithmenos
Elyvilon
Fedhas
Hepliaklqana
Kikubaaqudgha
Makhleb
Nemelex Xobeh
Okawaru
Qazlal
Ru
Sif Muna
Uskayaw
Vehumet
Wu Jian
Xom
Yredelemnul
Zin

Annotations:
D:3 3 runed translucent doors, laqueoix's ghost, amateur DsGl


Message History

You destroy the killer bee zombie!
The hornet zombie hits you. The hornet zombie closely misses you.
You take 6 damage, and have 14/32 hp.
You now have 12/24 mp.
Casting: Searing Ray (safe; 1% risk of failure)
Confirm with . or Enter, or press ? or * to list all spells.
Restarting spell: Searing Ray (safe; 1% risk of failure)
Press: ? - help, Shift-Dir - straight line, f - hornet zombie
Aim: a hornet zombie (84% to hit)
The searing ray misses the hornet zombie. (Press . to maintain the ray.)
The hornet zombie hits you.
* * * LOW HITPOINT WARNING * * *
You take 5 damage, and have 9/32 hp.
You now have 11/24 mp.
The searing ray hits the hornet zombie.
The hornet zombie is lightly damaged.
The hornet zombie closely misses you.
You now have 10/24 mp.
The searing ray hits the hornet zombie!
The hornet zombie is moderately damaged.
The hornet zombie closely misses you.
You now have 9/24 mp.
The searing ray hits the hornet zombie!
The hornet zombie is heavily damaged.
You finish channelling your searing ray.
The hornet zombie misses you. The hornet zombie barely misses you.
You now have 8/24 mp.
Casting: Searing Ray (safe; 1% risk of failure)
Confirm with . or Enter, or press ? or * to list all spells.
Aiming: Searing Ray (safe; 1% risk of failure)
Press: ? - help, Shift-Dir - straight line, f/p - hornet zombie
Aim: a hornet zombie (heavily damaged, 84% to hit)
The searing ray hits the hornet zombie.
The hornet zombie is heavily damaged. (Press . to maintain the ray.)
The hornet zombie hits you.
* * * LOW HITPOINT WARNING * * *
You take 3 damage, and have 7/32 hp.
You now have 6/24 mp.
The searing ray misses the hornet zombie.
The hornet zombie hits you!
You die...

#+# ..+
#####.#
#...#Z+
#.∩.@.#
#∩..#.+
#####.#
#.'.+
#####.###
#...#.'.#
#...'.###
#...#.'.#
#####.###


You could see a hornet zombie.

Vanquished Creatures
  A scorpion (D:4)
  A wyvern zombie (Ossuary)
  A jelly (D:2)
  A sleepcap (D:4)
  A killer bee zombie (Ossuary)
  7 mummies
  7 adders
  An ufetubus (D:3)
  3 worms
  4 endoplasms
  6 giant cockroaches
  3 goblins
  6 hobgoblins
  20 jackals
  4 quokkas
  6 ball pythons
  5 bats
  A frilled lizard (D:1)
  A goblin zombie (D:4)
  An orc zombie (D:4)
  4 rats
84 creatures vanquished.

Notes
Turn   | Place    | Note
-------+----------+-------------------------------------------
     0 | D:1      | Psyclone the Deep Elf Conjurer began the quest for the Orb.
     0 | D:1      | Reached XP level 1. HP: 10/10 MP: 6/6
    44 | D:1      | Identified 3 scrolls of acquirement
    44 | D:1      | Acquired Psyclone's Directory of the Glowing Gift
    45 | D:1      | Acquired 1133 gold pieces
    46 | D:1      | Acquired the ring "Ydonoush" {Drain Will+ MP+9 Int+8}
   265 | D:1      | Reached XP level 2. HP: 15/15 MP: 8/8
   899 | D:1      | Learned a level 2 spell: Searing Ray
   997 | D:2      | Reached skill level 5 in Conjurations
   997 | D:2      | Reached XP level 3. HP: 18/19 MP: 10/10
  1527 | D:2      | Reached XP level 4. HP: 24/24 MP: 12/12
  1697 | D:2      | Learned a level 2 spell: Poisonous Vapours
  1724 | D:2      | Reached skill level 1 in Poison Magic
  2076 | D:3      | Found a runed translucent gate.
  2076 | D:3      | Found a runed translucent gate.
  2076 | D:3      | Found a runed translucent gate.
  2084 | D:3      | Noticed laqueoix's ghost (amateur DsGl)
  2109 | D:3      | Reached XP level 5. HP: 28/28 MP: 14/14
  2135 | D:3      | Found a glowing silver altar of Zin.
  2776 | D:4      | Found a staircase to the Ecumenical Temple.
  2789 | Temple   | Entered the Ecumenical Temple
  2836 | Temple   | Became a worshipper of Ashenzari the Shackled
  2981 | D:4      | Found a sand-covered staircase.
  3049 | D:4      | Reached XP level 6. HP: 32/32 MP: 15/15
  3058 | D:4      | Found a white marble altar of Elyvilon.
  3129 | D:4      | Found a stormy altar of Qazlal.
  3170 | Ossuary  | Entered an ossuary
  3176 | Ossuary  | Learned a level 3 spell: Mephitic Cloud
  3180 | Ossuary  | Learned a level 3 spell: Ignite Poison
  3303 | Ossuary  | Reached skill level 1 in Transmutations
  3303 | Ossuary  | Reached skill level 1 in Fire Magic
  3303 | Ossuary  | Reached skill level 1 in Air Magic
  3456 | Ossuary  | Slain by a hornet zombie

Illustrated notes

Levels and vault maps discovered:
D:1:      spicycebolla_arrival_ecumenical, layout_loops_ring
D:2:      layout_basic
D:3:      layout_rooms, mainiacjoe_overflow_paths, gammafunk_ghost_necromancy
D:4:      layout_rooms, tso_metal_star, mainiacjoe_overflow_catwalk,
          elyvilon_altar_5, minmay_temple_entry_stoned_glass,
          nicolae_ossuary_entry_giza, minmay_misc_feat_square, minivault_4
Temple:   kb_temple_of_zot
Ossuary:  ossuary_zaba_flooded

Skill      XL: |  1  2  3  4  5  6 |
---------------+-------------------+-----
Spellcasting   | 4 |  4.9
Conjurations   | 5 |  5.5
Poison Magic   | 2 4 |  4.6
Transmutations | 1 |  1.9
Fire Magic     | 1 |  1.8
Air Magic      | 1 |  1.6
Dodging        | |  2.4
Stealth        | |  2.4

Action                     |  1- 3 |  4- 6 || total
---------------------------+-------+-------++-------
  Melee: Unarmed           |     1 |       ||     1
   Cast: Magic Dart        |    72 |    67 ||   139
         Searing Ray       |     3 |    26 ||    29
         Poisonous Vapours |       |     2 ||     2
    Use: Scroll            |     3 |     4 ||     7
 Armour: Robe              |     2 |     6 ||     8
  Dodge: Dodged            |    11 |    20 ||    31
